| TOP OF THE 1ST |
|
Altoona Curve batting - Pitching for Harrisburg Senators : RHP Jim Sanders
|
|
Pitching: RHP Jim Sanders
|
|
|
Batting: RHB Luis Ramos
|
0-0: Called Strike 0-1: Foul Ball, location: 2F 0-2: Foul Ball, location: 2F 0-2: Strikes out swinging
|
|
Batting: LHB Sammy Roddenberry
|
0-0: Hit by Pitch
|
|
Batting: RHB Freddy Quintero
|
0-0: Ball Sammy Roddenberry steals 2nd base 1-0: Ball 2-0: Called Strike Sammy Roddenberry steals 3rd base 2-1: Called Strike 2-2: Foul Ball, location: 2F 2-2: Ball 3-2: Ground out 5-3 (Groundball, 56S, EV 91.9 MPH) Sammy Roddenberry scores
|
|
Batting: LHB Ruben Garza
|
0-0: Swinging Strike 0-1: Ball 1-1: Foul Ball, location: 2F 1-2: Foul Ball, location: 2F 1-2: Ball 2-2: Foul Ball, location: 2F 2-2: Foul Ball, location: 2F 2-2: Ball 3-2: SINGLE (Groundball, 34D, EV 105.0 MPH)
|
|
Batting: LHB Gregg Kellerman
|
0-0: Ball 1-0: Called Strike 1-1: Ball 2-1: Foul Ball, location: 2F 2-2: Ground out U3 (Groundball, 3, EV 85.0 MPH)
|
| Top of the 1st over - 1 run, 1 hit, 0 errors, 1 left on base; Altoona 1 - Harrisburg 0 |
| BOTTOM OF THE 1ST |
|
Harrisburg Senators batting - Pitching for Altoona Curve : LHP John Mandarino
|
|
Pitching: LHP John Mandarino
|
|
|
Batting: RHB Pat Drader
|
0-0: SINGLE (Line Drive, 34D, EV 99.4 MPH)
|
|
Batting: RHB Mike Buchanan
|
0-0: Called Strike 0-1: Swinging Strike Pat Drader is caught stealing 2nd base 2-4 0-2: Ball 1-2: Ball 2-2: DOUBLE (Flyball, 8LXD, EV 109.4 MPH)
|
|
Batting: RHB Kevin Wick
|
0-0: Called Strike 0-1: Called Strike 0-2: Ball 1-2: Ball 2-2: Foul Ball, location: 2F 2-2: Ground out 5-3 (Groundball, 56, EV 80.0 MPH)
|
|
Batting: RHB Slavik Nebrodov
|
0-0: Swinging Strike 0-1: Foul Ball, location: 2F 0-2: Ground out 6-3 (Groundball, 56, EV 88.8 MPH)
|
| Bottom of the 1st over - 0 runs, 2 hits, 0 errors, 1 left on base; Altoona 1 - Harrisburg 0 |
| TOP OF THE 2ND |
|
Altoona Curve batting - Pitching for Harrisburg Senators : RHP Jim Sanders
|
|
Batting: LHB Phil DeCamp
|
0-0: Foul Ball, location: 2F 0-1: Swinging Strike 0-2: Ground out 1-3 (Groundball, 13S, EV 69.4 MPH)
|
|
Batting: RHB Keiji Nakajima
|
0-0: Called Strike 0-1: Swinging Strike 0-2: Ball 1-2: Strikes out swinging
|
|
Batting: RHB Pleun Smit
|
0-0: Ball 1-0: Ball 2-0: Foul Ball, location: 2F 2-1: Fly out, F9 (Flyball, 89D, EV 103.8 MPH)
|
| Top of the 2nd over - 0 runs, 0 hits, 0 errors, 0 left on base; Altoona 1 - Harrisburg 0 |
| BOTTOM OF THE 2ND |
|
Harrisburg Senators batting - Pitching for Altoona Curve : LHP John Mandarino
|
|
Batting: RHB Tylor Cyr
|
0-0: Ball 1-0: Ball 2-0: Called Strike 2-1: Swinging Strike 2-2: Strikes out swinging
|
|
Batting: RHB Ryan Hiemer
|
0-0: Ball 1-0: Called Strike 1-1: Called Strike 1-2: Foul Ball, location: 2F 1-2: SINGLE (Groundball, 56D, EV 109.4 MPH)
|
|
Batting: RHB Paul Shell
|
0-0: Ball 1-0: Called Strike 1-1: Swinging Strike 1-2: Ball 2-2: Foul Ball, location: 2F 2-2: Foul Ball, location: 2F 2-2: Ball 3-2: Base on Balls Ryan Hiemer to second
|
|
Batting: RHB John McNeill
|
0-0: SINGLE (Groundball, 25, EV 70.6 MPH) (infield hit) Ryan Hiemer to third Paul Shell to second
|
|
Batting: RHB Antonio Morado
|
0-0: Ball 1-0: Called Strike 1-1: Grounds into double play, 6-4-3 (Groundball, 6, EV 84.4 MPH)
|
| Bottom of the 2nd over - 0 runs, 2 hits, 0 errors, 2 left on base; Altoona 1 - Harrisburg 0 |
| TOP OF THE 3RD |
|
Altoona Curve batting - Pitching for Harrisburg Senators : RHP Jim Sanders
|
|
Batting: RHB Slamet Pamungkas
|
0-0: SINGLE (Groundball, P, EV 82.5 MPH) (infield hit)
|
|
Batting: RHB Luis Ramos
|
0-0: Called Strike 0-1: Foul Ball, location: 2F 0-2: Ball 1-2: Foul Ball, location: 2F 1-2: Ball 2-2: Foul Ball, location: 2F 2-2: Fielders Choice at 2nd, 4-6 (Groundball, 4, EV 78.1 MPH)
|
|
Batting: LHB Sammy Roddenberry
|
0-0: Foul Ball, location: 2F 0-1: Ball 1-1: Ball Luis Ramos steals 2nd base 2-1: Called Strike 2-2: Ball 3-2: TRIPLE (Flyball, 89XD, EV 92.5 MPH) Luis Ramos scores
|
|
Batting: RHB Freddy Quintero
|
0-0: Swinging Strike 0-1: Foul Ball, location: 2F 0-2: Foul Ball, location: 2F 0-2: Ball 1-2: Ground out 4-3 (Groundball, 4, EV 88.8 MPH) Sammy Roddenberry scores
|
|
Batting: LHB Ruben Garza
|
0-0: Ground out U3 (Groundball, 34S, EV 95.0 MPH)
|
| Top of the 3rd over - 2 runs, 2 hits, 0 errors, 0 left on base; Altoona 3 - Harrisburg 0 |
| BOTTOM OF THE 3RD |
|
Harrisburg Senators batting - Pitching for Altoona Curve : LHP John Mandarino
|
|
Batting: RHB Pat Drader
|
0-0: Fly out, F9 (Line Drive, 89S, EV 96.2 MPH)
|
|
Batting: RHB Mike Buchanan
|
0-0: Foul Ball, location: 2F 0-1: Ball 1-1: Ball 2-1: Ground out U3 (Groundball, 34, EV 89.4 MPH)
|
|
Batting: RHB Kevin Wick
|
0-0: Ball 1-0: Foul Ball, location: 2F 1-1: Foul Ball, location: 2F 1-2: Fly out, F6 (Line Drive, 4M, EV 71.2 MPH)
|
| Bottom of the 3rd over - 0 runs, 0 hits, 0 errors, 0 left on base; Altoona 3 - Harrisburg 0 |
| TOP OF THE 4TH |
|
Altoona Curve batting - Pitching for Harrisburg Senators : RHP Jim Sanders
|
|
Batting: LHB Gregg Kellerman
|
0-0: Called Strike 0-1: Ball 1-1: Ball 2-1: Ball 3-1: Base on Balls
|
|
Batting: LHB Phil DeCamp
|
0-0: Ball 1-0: Ball 2-0: Ball 3-0: Swinging Strike 3-1: Swinging Strike 3-2: Fly out, F7 (Flyball, 78S, EV 86.2 MPH)
|
|
Batting: RHB Keiji Nakajima
|
0-0: Called Strike 0-1: Swinging Strike 0-2: Foul Ball, location: 2F 0-2: Ball 1-2: Strikes out swinging
|
|
Batting: RHB Pleun Smit
|
0-0: Called Strike 0-1: Called Strike 0-2: Ball 1-2: Foul Ball, location: 2F 1-2: Foul Ball, location: 2F 1-2: Ball 2-2: Foul Ball, location: 2F 2-2: Foul Ball, location: 2F 2-2: Fielders Choice at 2nd, 6-4 (Groundball, 6, EV 86.9 MPH)
|
| Top of the 4th over - 0 runs, 0 hits, 0 errors, 1 left on base; Altoona 3 - Harrisburg 0 |
| BOTTOM OF THE 4TH |
|
Harrisburg Senators batting - Pitching for Altoona Curve : LHP John Mandarino
|
|
Batting: RHB Slavik Nebrodov
|
0-0: Foul Ball, location: 2F 0-1: Called Strike 0-2: Ball 1-2: Ball 2-2: Strikes out looking
|
|
Batting: RHB Tylor Cyr
|
0-0: Foul Ball, location: 2F 0-1: Ball 1-1: Ground out 5-3 (Groundball, 56S, EV 66.9 MPH)
|
|
Batting: RHB Ryan Hiemer
|
0-0: Ball 1-0: Foul Ball, location: 2F 1-1: Ball 2-1: Foul Ball, location: 2F 2-2: Fly out, F9 (Flyball, 9LM, EV 88.8 MPH)
|
| Bottom of the 4th over - 0 runs, 0 hits, 0 errors, 0 left on base; Altoona 3 - Harrisburg 0 |
| TOP OF THE 5TH |
|
Altoona Curve batting - Pitching for Harrisburg Senators : RHP Jim Sanders
|
|
Batting: RHB Slamet Pamungkas
|
0-0: Ground out 4-3 (Groundball, 4S, EV 73.1 MPH)
|
|
Batting: RHB Luis Ramos
|
0-0: Called Strike 0-1: Called Strike 0-2: Ground out 6-3 (Groundball, 6, EV 81.2 MPH)
|
|
Batting: LHB Sammy Roddenberry
|
0-0: Fly out, F7 (Flyball, 78S, EV 80.6 MPH)
|
| Top of the 5th over - 0 runs, 0 hits, 0 errors, 0 left on base; Altoona 3 - Harrisburg 0 |
| BOTTOM OF THE 5TH |
|
Harrisburg Senators batting - Pitching for Altoona Curve : LHP John Mandarino
|
|
Batting: RHB Paul Shell
|
0-0: Called Strike 0-1: Ball 1-1: Ball 2-1: Swinging Strike 2-2: Ball 3-2: Ground out 3-1 (Groundball, 34, EV 88.1 MPH)
|
|
Batting: RHB John McNeill
|
0-0: Called Strike 0-1: Ball 1-1: Ground out 6-3 (Groundball, 6S, EV 85.6 MPH)
|
|
Batting: RHB Antonio Morado
|
0-0: Ball 1-0: Ground out 5-3 (Groundball, 56, EV 86.2 MPH)
|
| Bottom of the 5th over - 0 runs, 0 hits, 0 errors, 0 left on base; Altoona 3 - Harrisburg 0 |
| TOP OF THE 6TH |
|
Altoona Curve batting - Pitching for Harrisburg Senators : RHP Jim Sanders
|
|
Batting: RHB Freddy Quintero
|
0-0: Ball 1-0: Swinging Strike 1-1: SINGLE (Groundball, 56D, EV 98.1 MPH)
|
|
Pitching: RHP Bill Stump
|
|
|
Batting: LHB Ruben Garza
|
0-0: Ball 1-0: Ball 2-0: Ball 3-0: Called Strike 3-1: Called Strike 3-2: Base on Balls Freddy Quintero to second
|
|
Batting: LHB Gregg Kellerman
|
0-0: Ball 1-0: Swinging Strike 1-1: Fly out, F8 (Flyball, 89M, EV 96.2 MPH)
|
|
Batting: LHB Phil DeCamp
|
0-0: Ball 1-0: Ball 2-0: Called Strike 2-1: Called Strike 2-2: Ball 3-2: Base on Balls Freddy Quintero to third Ruben Garza to second
|
|
Batting: RHB Keiji Nakajima
|
0-0: Swinging Strike 0-1: Swinging Strike 0-2: Ball 1-2: Ball 2-2: Foul Ball, location: 2F 2-2: Strikes out looking
|
|
Batting: RHB Pleun Smit
|
0-0: Ground out 6-3 (Groundball, 6MD, EV 101.2 MPH)
|
| Top of the 6th over - 0 runs, 1 hit, 0 errors, 3 left on base; Altoona 3 - Harrisburg 0 |
| BOTTOM OF THE 6TH |
|
Harrisburg Senators batting - Pitching for Altoona Curve : LHP John Mandarino
|
|
Batting: RHB Pat Drader
|
0-0: Ball 1-0: Called Strike 1-1: DOUBLE (Line Drive, 89D, EV 103.1 MPH)
|
|
Batting: RHB Mike Buchanan
|
0-0: Called Strike 0-1: TRIPLE (Line Drive, 89XD, EV 106.2 MPH) Pat Drader scores
|
|
Batting: RHB Kevin Wick
|
0-0: Called Strike 0-1: Ball 1-1: Foul Ball, location: 2F 1-2: Ball 2-2: Ball 3-2: Strikes out looking
|
|
Batting: RHB Slavik Nebrodov
|
0-0: Fly out, F9 (Line Drive, 89M, EV 93.8 MPH) Runner from 3rd tags up, SCORES, throw by RF
|
|
Batting: RHB Tylor Cyr
|
0-0: Foul Ball, location: 2F 0-1: Foul Ball, location: 2F 0-2: Foul Ball, location: 2F 0-2: Ball 1-2: Strikes out swinging
|
| Bottom of the 6th over - 2 runs, 2 hits, 0 errors, 0 left on base; Altoona 3 - Harrisburg 2 |
| TOP OF THE 7TH |
|
Altoona Curve batting - Pitching for Harrisburg Senators : RHP Bill Stump
|
|
Batting: RHB Slamet Pamungkas
|
0-0: Foul Ball, location: 2F 0-1: Called Strike 0-2: Strikes out looking
|
|
Batting: RHB Luis Ramos
|
0-0: Swinging Strike 0-1: Swinging Strike 0-2: Ball 1-2: Ground out U3 (Groundball, 34S, EV 88.8 MPH)
|
|
Batting: LHB Sammy Roddenberry
|
0-0: Called Strike 0-1: Ground out 4-3 (Groundball, 34, EV 96.2 MPH)
|
| Top of the 7th over - 0 runs, 0 hits, 0 errors, 0 left on base; Altoona 3 - Harrisburg 2 |
| BOTTOM OF THE 7TH |
|
Harrisburg Senators batting - Pitching for Altoona Curve : LHP John Mandarino
|
|
Batting: RHB Ryan Hiemer
|
0-0: Called Strike 0-1: Ball 1-1: Ball 2-1: Ground out 5-3 (Groundball, 56S, EV 91.2 MPH)
|
|
Batting: RHB Paul Shell
|
0-0: Ball 1-0: Foul Ball, location: 2F 1-1: Called Strike 1-2: Ball 2-2: Ball 3-2: DOUBLE (Line Drive, 78XD, EV 106.2 MPH)
|
|
Pitching: RHP Justin Jones
|
|
|
Batting: RHB John McNeill
|
0-0: Called Strike 0-1: Ground out 4-3 (Groundball, 34, EV 105.0 MPH) Paul Shell to third
|
|
Batting: RHB Antonio Morado
|
0-0: SINGLE (Groundball, 6MD, EV 103.8 MPH) Paul Shell scores
|
|
Batting: RHB Pat Drader
|
0-0: Ball Antonio Morado steals 2nd base 1-0: Foul Ball, location: 2F 1-1: Swinging Strike 1-2: Ball 2-2: Ground out 4-3 (Groundball, 4, EV 103.8 MPH)
|
| Bottom of the 7th over - 1 run, 2 hits, 0 errors, 1 left on base; Altoona 3 - Harrisburg 3 |
| TOP OF THE 8TH |
|
Altoona Curve batting - Pitching for Harrisburg Senators : RHP Bill Stump
|
|
Pitching: LHP Mike Alcaraz
|
|
|
Batting: RHB Freddy Quintero
|
0-0: Ball 1-0: Ball 2-0: Fly out, F4 (Popup, 4M, EV 64.4 MPH)
|
|
Pinch Hitting: RHB Caleb Russell
|
0-0: Ball 1-0: Ball 2-0: Foul Ball, location: 2F 2-1: Ball 3-1: Foul Ball, location: 2F 3-2: SOLO HOME RUN (Flyball, 7D, EV 100.0 MPH), Distance : 377 ft
|
|
Batting: LHB Gregg Kellerman
|
0-0: Foul Ball, location: 2F 0-1: Called Strike 0-2: Strikes out swinging
|
|
Batting: LHB Phil DeCamp
|
0-0: Called Strike 0-1: Called Strike 0-2: Strikes out swinging
|
| Top of the 8th over - 1 run, 1 hit, 0 errors, 0 left on base; Altoona 4 - Harrisburg 3 |
| BOTTOM OF THE 8TH |
|
Harrisburg Senators batting - Pitching for Altoona Curve : RHP Justin Jones
|
|
Now in LF: Caleb Russell
|
|
|
Batting: RHB Mike Buchanan
|
0-0: Swinging Strike 0-1: Foul Ball, location: 2F 0-2: Ball 1-2: Ground out 1-3 (Groundball, 25, EV 71.9 MPH)
|
|
Batting: RHB Kevin Wick
|
0-0: Ball 1-0: SINGLE (Groundball, 6MD, EV 96.2 MPH)
|
|
Batting: RHB Slavik Nebrodov
|
0-0: Ball 1-0: Called Strike 1-1: Ball 2-1: Foul Ball, location: 2F 2-2: Strikes out swinging
|
|
Batting: RHB Tylor Cyr
|
0-0: Swinging Strike 0-1: Swinging Strike 0-2: Ball 1-2: Strikes out swinging
|
| Bottom of the 8th over - 0 runs, 1 hit, 0 errors, 1 left on base; Altoona 4 - Harrisburg 3 |
| TOP OF THE 9TH |
|
Altoona Curve batting - Pitching for Harrisburg Senators : LHP Mike Alcaraz
|
|
Pitching: RHP Brian Walker
|
|
|
Pinch Hitting: RHB Mike Velazquez
|
0-0: Foul Ball, location: 2F 0-1: Fly out, F3 (Line Drive, 3L, EV 69.4 MPH)
|
|
Batting: RHB Pleun Smit
|
0-0: Foul Ball, location: 2F 0-1: Ball 1-1: Swinging Strike 1-2: Strikes out swinging
|
|
Batting: RHB Slamet Pamungkas
|
0-0: Called Strike 0-1: Ball 1-1: Fly out, F8 (Line Drive, 8RD, EV 95.6 MPH)
|
| Top of the 9th over - 0 runs, 0 hits, 0 errors, 0 left on base; Altoona 4 - Harrisburg 3 |
| BOTTOM OF THE 9TH |
|
Harrisburg Senators batting - Pitching for Altoona Curve : RHP Justin Jones
|
|
Pitching: LHP Mario Flores
|
|
|
Now at 2B: Curtis Thompson
|
|
|
Now in LF: Jordan Robinson
|
|
|
Batting: RHB Ryan Hiemer
|
0-0: Ball 1-0: Swinging Strike 1-1: Called Strike 1-2: Strikes out swinging
|
|
Batting: RHB Paul Shell
|
0-0: Called Strike 0-1: SINGLE (Groundball, 56S, EV 71.2 MPH) (infield hit)
|
|
Batting: RHB John McNeill
|
0-0: Ball 1-0: Called Strike 1-1: Foul Ball, location: 2F 1-2: Ball 2-2: Strikes out swinging
|
|
Batting: RHB Antonio Morado
|
0-0: Called Strike 0-1: Foul Ball, location: 2F 0-2: Ball 1-2: Ground out 4-3 (Groundball, 4, EV 105.6 MPH)
|
| Bottom of the 9th over - 0 runs, 1 hit, 0 errors, 1 left on base; Altoona 4 - Harrisburg 3 |
|